 Dungeon Crawl Stone Soup version 0.14-a0-3445-g2afddda (webtiles) character file.

1542260 KaKa the Axe Maniac (level 27, 269/269 HPs)
             Began as a Hill Orc Fighter on Mar 22, 2014.
             Was the Champion of Beogh.
             Escaped with the Orb
             ... and 3 runes on Mar 23, 2014!
             The game lasted 10:40:25 (80255 turns).

KaKa the Axe Maniac (Hill Orc Fighter)             Turns: 80255, Time: 10:40:26

HP 269/269       AC 44     Str 26      XL: 27
MP  41/41        EV  7     Int 11      God: Beogh [******]
Gold 5335        SH 34     Dex 22      Spells:  2 memorised, 24 levels left

rFire  + + .     SeeInvis +     I - +12,+4 broad axe of Psoatuk {chop, rC++ Str+3 Int+4}
rCold  + + +     Clarity  .     W - +4 gold dragon armour
rNeg   + . .     Conserve .     J - +0 shield {rC+}
rPois  +         rCorr    .     o - +2 helmet {SInv}
rElec  +         rRot     .     f - +0 cloak {MR+}
SustAb . .       Spirit   .     w - +1 pair of gloves {rF+}
rMut   +         Warding  .     T - +5 pair of boots of the Morning {rElec Dex+3 Int-1}
Saprov + . .     Stasis   .     z - amulet "Roahay" {rMut rN+}
MR     ++++.                    n - +4,+2 ring of slaying
                                x - ring of protection from magic

@: incredibly resistant to hostile enchantments, extremely unstealthy
A: walk on water, deformed body, mutation resistance 1, saprovore 1
a: Smiting, Recall Orcish Followers, Renounce Religion
0: Orb of Zot
}: 3/15 runes: decaying, serpentine, silver


You escaped.
You worshipped Beogh.
Beogh was exalted by your worship.
You were very full.

You visited 11 branches of the dungeon, and saw 56 of its levels.
You visited the Abyss 2 times.
You visited 1 bazaar.
You also visited: Labyrinth, Ossuary, Ice Cave and Volcano.

You collected 6825 gold pieces.
You spent 1490 gold pieces at shops.

Inventory:

Hand weapons
 b - a +0 blowgun
 F - the +6,+9 battleaxe of Attainder {venom, rF++ Stlth}
   (You found it on level 2 of the Depths)

   It poisons the flesh of those it strikes.
   It greatly protects you from fire.
   It makes you more stealthy.
 I - the +12,+4 broad axe of Psoatuk (weapon) {chop, rC++ Str+3 Int+4}
   (You found it on level 5 of the Vaults)

   It inflicts extra damage upon your enemies.
   It affects your strength (+3).
   It affects your intelligence (+4).
   It greatly protects you from cold.
Missiles
 E - 3 javelins of returning (quivered)
 H - 18 curare-tipped needles
Armour
 e - a +3 plate armour of cold resistance
 f - a +0 cloak of magic resistance (worn)
 o - a +2 helmet of see invisible (worn)
 u - a -1 cloak
 w - a +1 pair of gloves of fire resistance (worn)
 C - a +1 helmet of intelligence
 J - a +0 shield of cold resistance (worn)
 T - the +5 pair of boots of the Morning (worn) {rElec Dex+3 Int-1}
   (You found it on level 1 of the Swamp)

   It affects your intelligence (-1).
   It affects your dexterity (+3).
   It insulates you from electricity.
 W - a +4 gold dragon armour (worn)
Magical devices
 a - a wand of magic darts (9)
 g - a wand of teleportation (4)
 p - a wand of lightning (0)
 q - a wand of disintegration (12)
 r - a wand of disintegration (11)
 y - a wand of heal wounds (4)
 U - a wand of invisibility (5)
 X - a wand of fire (5)
Comestibles
 d - 10 meat rations
 M - a bread ration
Scrolls
 i - a scroll of recharging
 D - a scroll of remove curse
Jewellery
 c - the ring "Radira" {+Blink rPois rF- SInv}
   (You took it off an ironheart preserver on level 5 of the Vaults)

   [ring of see invisible]

   It makes you vulnerable to fire.
   It protects you from poison.
   It lets you blink.
 h - a +3 ring of dexterity
 n - a +4,+2 ring of slaying (right hand)
 x - a ring of protection from magic (left hand)
 z - the amulet "Roahay" (around neck) {rMut rN+}
   (You found it on level 4 of the Dungeon)

   [amulet of resist mutation]

   It protects you from negative energy.
 A - an uncursed ring of ice
 B - an uncursed amulet of resist corrosion
 G - the ring "Ghuel" {Wiz Stlth}
   (You found it on level 2 of the Depths)

   [ring of wizardry]

   It makes you more stealthy.
 K - a +3 ring of intelligence
 L - an uncursed ring of positive energy
 N - an uncursed ring of wizardry
 R - an uncursed ring of ice
 S - a +5 ring of strength
Potions
 k - a potion of resistance
 l - 6 potions of curing
 t - 4 potions of agility
 Q - a potion of restore abilities


   Skills:
 + Level 26.0 Fighting
 O Level 27 Axes
 + Level 25.5 Armour
 - Level 15.0 Shields
 - Level 2.0 Spellcasting
 - Level 8.9 Ice Magic
 + Level 19.0 Invocations


You had 24 spell levels left.
You knew the following spells:

 Your Spells              Type           Power        Failure   Level  Hunger
a - Repel Missiles        Chrm/Air       #.....       100%        2    ###....
b - Condensation Shield   Ice            ###.......   90%         4    #####..


Dungeon Overview and Level Annotations

Branches:
Dungeon (15/15)            Temple (1/1) D:6             Orc (4/4) D:12
    Elf (2/3) Orc:4          Lair (8/8) D:9           Swamp (5/5) Lair:6
  Snake (5/5) Lair:4        Slime (0/6) Lair:7       Vaults (5/5) D:14
  Blade (1/1) Vaults:3      Crypt (0/5) Vaults:3        Zot (5/5) Depths:5
 Depths (5/5) D:15

Altars:
Ashenzari
Cheibriados
Dithmenos
Elyvilon
Fedhas
Kikubaaqudgha
Okawaru
Sif Muna
Trog
Vehumet
Xom
Yredelemnul
Zin
The Shining One
Beogh
Jiyva
Lugonu

Shops:
D:10 :   Orc:3 :%(   Orc:4 [:::=   Elf:2 !   Vaults:1 *   Depths:2 }
Depths:4 (   Depths:5 :=

Portals:
Hell: Depths:1 Depths:2 Depths:3 Depths:4 Depths:5
Abyss: Depths:1 Depths:3 Depths:4
Pandemonium: Depths:2 Depths:3
Ziggurat: Depths:3
Trove: Vaults:1 (give +4 fire dragon armour)


Innate Abilities, Weirdness & Mutations

You can walk on water.
You can tolerate rotten meat.
Armour fits poorly on your strangely shaped body.
You are somewhat resistant to further mutation.


Message History

The goblin closely misses you.
You open the door. You block the goblin's attack. You block the rat's attack.
There is an open door here.
There is a stone staircase leading up here.
The goblin barely misses you. The goblin barely misses you.
You block the rat's attack. You block the rat's attack.
You climb upwards.
You sense a powerful magical force warping space.
There is a stone staircase leading down here.
You block the rat's attack.
You barely miss the goblin. You hit the rat.
You kill the rat!
Beogh accepts your kill. The goblin hits you but does no damage.
You block the goblin's attack. The goblin hits you but does no damage.
There is a staircase leading out of the dungeon here.
You block the goblin's attack.
You have escaped!

..######.# #....# #
.........######....##############
.######..........................
.######).###############.########
........#.#### ####.## #....
........##...### ###(..## #....
.........###...###...### #....
...........##.......## ##....
.........#.####.@g### #.....
...........##.......## #.....
...####.####...###...### #.....
...# #.##...### ###...## #.....
...# #.#.#### ####.## #...## ...#
#..## ##.# #...# ...# #.## #..#
#...## ...####'## ##########.##
###... ..###....# #..........#
#...


You could see a goblin.

Vanquished Creatures
  6 orbs of fire (Zot:5)
  3 ancient liches (Zot:5)
  2 curse toes (Zot:5)
  the Lernaean hydra (Swamp:5)
  6 golden dragons
  2 pandemonium lords
  Frederick (Depths:5)
  Nikola (Swamp:5)
  A Brimstone Fiend (D:15)
  A profane servitor (Abyss:1)
  An electric golem (Zot:5)
  3 bone dragons (Abyss:1)
  5 tentacled monstrosities
  The ghost of Yllodra the Metallomancer, a mighty GrEE of Vehumet (Snake:5)
  2 quicksilver dragons
  2 titans (Vaults:5)
  14 Orb Guardians
  7 storm dragons
  2 sphinxes
  7 tentacled starspawn (Abyss:1)
  Rupert (Snake:2)
  A thorn hunter (Swamp:3)
  2 shadow dragons (Depths:5)
  Kirke (Snake:4)
  3 tengu reavers
  2 draconian monks
  An azure jelly (Depths:2)
  6 fire giants
  2 balrugs
  Donald (Snake:2)
  4 greater nagas
  A ghost moth (Zot:2)
  4 draconian knights
  8 frost giants
  A draconian scorcher (Zot:2)
  Louise (Elf:2)
  4 vault wardens
  2 iron dragons
  An emperor scorpion (Depths:1)
  2 war gargoyles
  5 draconian zealots
  3 vampire knights
  2 draconian shifters
  13 stone giants
  3 draconian callers
  A grey draconian (Depths:5)
  2 deep elf demonologists
  14 starcursed masses (Abyss:1)
  6 green draconians
  3 salamander firebrands
  A deep elf annihilator (Vaults:4)
  2 black draconians
  2 dire elephants (Depths:3)
  4 purple draconians
  4 pale draconians
  8 white draconians
  6 mottled draconians
  2 yellow draconians (Zot:1)
  6 red draconians
  A lorocyproca (Abyss:1)
  2 crystal guardians
  Snorg (D:15)
  10 yaktaur captains
  4 deep elf death magi
  6 fire dragons
  4 ettins
  5 minotaurs
  Josephine (D:11)
  5 vault guards
  A deep elf high priest (Depths:2)
  2 rakshasas
  A great orb of eyes (Depths:3)
  21 hydras
  2 death cobs
  14 ironheart preservers
  Harold (D:10)
  A ravenous item mimic (Vaults:1)
  11 naga warriors
  7 ice dragons
  A shambling mangrove (Swamp:3)
  Nessos (Swamp:1)
  3 ogre magi
  8 dancing weapons
  12 anacondas
  5 alligators
  3 deep troll shamans
  9 deep troll earth magi
  7 death yaks
  2 deep dwarf death knights (Abyss:1)
  3 tengu warriors
  3 catoblepae
  4 shock serpents
  2 spectral elves
  2 orc high priests (Orc:4)
  21 hell knights
  A sun demon (Depths:1)
  7 naga sharpshooters
  7 centaur warriors
  18 very ugly things
  A storm dragon zombie (Zot:4)
  An iron golem (Depths:2)
  6 wretched stars (Abyss:1)
  4 thrashing horrors (Abyss:1)
  An ice devil (Depths:1)
  2 fire crabs
  A shadow wraith (Abyss:1)
  A skeletal warrior (D:13)
  6 iron trolls
  6 salamander mystics
  13 deep elf knights
  A spatial maelstrom (Abyss:1)
  18 large abominations (Abyss:1)
  A flayed ghost (Depths:4)
  24 deep trolls
  A spriggan druid (Depths:1)
  An orb spider (Abyss:1)
  8 swamp dragons
  2 unseen horrors (D:11)
  3 naga ritualists
  5 giant orange brains
  An unseen horror (shapeshifter) (Vaults:1)
  An ice statue (IceCv)
  12 sea snakes (Snake:4)
  A lindwurm (Depths:2)
  9 necromancers
  Erolcha (D:13)
  8 harpies
  A hill giant (shapeshifter) (Vaults:5)
  7 deep elf summoners
  3 mana vipers (Snake:4)
  11 hill giants
  A wolf spider zombie (D:14)
  A flaming corpse (Abyss:1)
  13 ironbrand convokers
  2 wizards
  9 deep elf conjurers
  7 sixfirhies
  4 orc knights
  An iron dragon zombie (Depths:3)
  A phantasmal warrior (Abyss:1)
  4 manticores
  A wolf spider (shapeshifter) (Depths:4)
  A worldbinder (Abyss:1)
  2 orc sorcerers
  A fire giant zombie (Abyss:1)
  17 salamanders
  10 cyclopes
  3 wolf spiders
  4 elephants
  7 griffons
  A black mamba (shapeshifter) (Vaults:1)
  4 red wasps
  12 vault sentinels
  A draconian skeleton (Zot:1)
  An eye of devastation (shapeshifter) (Elf:2)
  26 black mambas
  4 moths of wrath
  7 naga magi
  A tormentor (Vaults:5)
  An orange demon (Abyss:1)
  4 smoke demons (Abyss:1)
  A vapour (Swamp:4)
  8 guardian serpents
  Psyche (Orc:2)
  A molten gargoyle (Vaults:3)
  A yellow draconian zombie (Zot:1)
  12 spiny frogs
  2 hellwings
  4 fire drakes
  3 blue devils
  26 yaktaurs
  3 efreet
  A hell beast (Depths:2)
  6 trolls
  2 wandering mushrooms (Zot:5)
  2 queen bees
  A red devil (Depths:2)
  3 tengu conjurers
  An anaconda simulacrum (Abyss:1)
  2 iron devils
  A jumping spider (Elf:2)
  An elf skeleton (Depths:3)
  2 ancient zymes (Abyss:1)
  10 deep elf priests
  19 polar bears
  A tengu simulacrum (Depths:4)
  12 blink frogs
  4 giant fireflies
  13 two-headed ogres
  A centaur skeleton (D:12)
  35 slime creatures
  A giant leech (Swamp:5)
  6 freezing wraiths
  An ettin zombie (Abyss:1)
  15 ravens
  5 komodo dragons
  7 baby alligators (Swamp:3)
  9 raiju (Abyss:1)
  3 boulder beetles
  5 grizzly bears
  6 bog bodies
  An iron dragon simulacrum (Depths:4)
  3 redbacks
  5 thorn lotuses
  A grizzly bear (shapeshifter) (Vaults:1)
  A spectral human (Vaults:5)
  5 basilisks
  2 wyverns
  An elf zombie (Vaults:1)
  29 yaks
  3 spriggans
  4 ynoxinuls (Abyss:1)
  2 wraiths (Abyss:1)
  A trapdoor spider (D:12)
  An air elemental (Depths:2)
  A human skeleton (Vaults:5)
  3 shadows
  2 sharks
  A tarantella (Elf:1)
  40 ugly things
  Eustachio (D:7)
  22 deep elf fighters
  2 chaos spawn
  Grum (D:10)
  21 deep elf magi
  4 hill giant skeletons
  A neqoxec (Abyss:1)
  2 hogs (Snake:4)
  27 vampire mosquitoes
  A centaur simulacrum (D:12)
  7 wargs
  2 golden eyes (Abyss:1)
  3 hungry ghosts
  A harpy simulacrum (Depths:2)
  A mottled dragon (Vaults:2)
  A human zombie (Depths:1)
  54 nagas
  A soldier ant (shapeshifter) (Vaults:1)
  30 swamp worms
  24 wolves
  3 necrophages
  5 hippogriffs
  18 water moccasins
  A deep troll skeleton (Vaults:5)
  An ice beast (shapeshifter) (Abyss:1)
  A hell hound (Lair:8)
  13 swamp drakes
  4 porcupines
  5 sky beasts
  10 orc warriors
  14 small abominations (Abyss:1)
  8 spiders (D:14)
  4 phantoms
  5 black bears
  20 centaurs
  16 ice beasts
  A yellow wasp (D:12)
  7 crocodiles
  6 giant goldfish
  An ogre (shapeshifter) (Vaults:5)
  24 ogres
  Sigmund (D:3)
  6 giant slugs
  3 big kobolds
  A brain worm (Abyss:1)
  A deep troll simulacrum (Vaults:1)
  6 insubstantial wisps (Swamp:5)
  21 giant frogs
  2 eyes of draining
  47 killer bees
  5 orc zombies
  2 jellies
  9 wights
  An elf simulacrum (Vaults:1)
  A snapping turtle simulacrum (Depths:2)
  An orc simulacrum (D:12)
  4 electric eels
  3 lava snakes (Snake:4)
  4 quasits
  5 goliath beetles
  A centaur zombie (D:11)
  24 hounds
  8 crimson imps
  Crazy Yiuf (D:6)
  A cyclops simulacrum (D:15)
  5 big fish
  5 iguanas
  3 iron imps
  13 orc wizards
  10 orc priests
  A two-headed ogre skeleton (D:11)
  Natasha (thrice) (D:4)
  2 orange rats
  13 worker ants
  3 sheep
  A brain worm zombie (D:12)
  A mottled dragon zombie (D:10)
  2 hound zombies
  A human simulacrum (D:14)
  A hound skeleton (D:7)
  Terence (D:3)
  12 mummies (Ossuary)
  11 gnolls
  26 green rats
  22 adders
  A giant mite (Lair:5)
  10 shadow imps
  3 white imps
  12 worms
  10 ufetubi
  An iguana zombie (D:7)
  6 giant eyeballs
  7 giant geckos
  An ooze (D:3)
  31 orcs
  22 bats
  4 giant cockroaches
  24 goblins
  11 hobgoblins
  17 jackals
  9 quokkas
  4 ball pythons
  8 giant newts
  2 gnoll skeletons (Ossuary)
  3 goblin skeletons
  A hobgoblin skeleton (D:6)
  A jackal skeleton (D:4)
  24 kobolds
  3 kobold skeletons (Ossuary)
  A lurking horror (Abyss:1)
  3 orc skeletons
  35 rats
  11 rat skeletons (Ossuary)
  3 briar patches (Swamp:2)
  5 bushes
  6 crawling corpses
  13 fungi
  18 plants
  3 starspawn tentacles (Abyss:1)
2057 creatures vanquished.

Vanquished Creatures (collateral kills)
  An ancient lich (Zot:5)
  A Killer Klown (Zot:5)
  Margery (Vaults:3)
  The ghost of cedor the Brawler, a great TrAM of Nemelex Xobeh (Depths:5)
  A golden dragon (shapeshifter) (Vaults:5)
  3 golden dragons
  3 bone dragons
  5 tentacled monstrosities
  6 Orb Guardians (Zot:5)
  2 storm dragons
  2 orc warlords
  2 titans (Vaults:5)
  An acid blob (Zot:1)
  4 sphinxes (Vaults:5)
  2 liches (Vaults:5)
  A thorn hunter (Swamp:2)
  3 shadow dragons
  Frances (D:15)
  5 draconian monks
  5 greater nagas
  3 fire giants
  A deep elf sorcerer (Vaults:5)
  An iron dragon (Vaults:5)
  11 vault wardens
  2 frost giants
  Aizul (Vaults:2)
  A draconian scorcher (Zot:1)
  2 draconian knights
  3 war gargoyles (Vaults:5)
  2 deep elf demonologists (Vaults:5)
  2 draconian callers
  5 draconian shifters
  6 stone giants
  6 grey draconians
  3 green draconians
  5 yellow draconians
  10 orc knights
  A pale draconian (Zot:2)
  A purple draconian (Zot:2)
  3 red draconians
  3 white draconians
  5 black draconians
  A dire elephant (Depths:3)
  A small abomination (Vaults:5)
  2 mottled draconians (Zot:1)
  3 ettins
  4 deep elf death magi
  A minotaur (Depths:4)
  5 ironheart preservers
  5 fire dragons
  7 yaktaur captains
  2 death cobs
  2 hydras
  4 ice dragons
  23 vault guards
  4 naga warriors
  A ravenous feature mimic (Depths:5)
  A quicksilver dragon skeleton (Depths:4)
  A shambling mangrove (Swamp:4)
  A great orb of eyes (Depths:3)
  16 dancing weapons
  A rakshasa (Depths:1)
  7 anacondas (Snake:5)
  6 ogre magi
  4 deep troll earth magi
  8 death yaks
  3 alligators
  An orc high priest (Orc:4)
  A thrashing horror (Abyss:1)
  3 tengu warriors
  A spriggan berserker (Depths:4)
  5 naga sharpshooters
  7 very ugly things
  A deep troll shaman (Depths:5)
  3 catoblepae (Lair:8)
  Nergalle (Lair:1)
  5 centaur warriors
  8 hell knights
  2 salamander mystics
  A shock serpent (Snake:3)
  7 deep elf knights
  4 skeletal warriors (D:13)
  2 golden dragon zombies
  2 iron trolls
  21 deep trolls
  3 swamp dragons
  2 deep elf summoners
  A wizard (Vaults:3)
  A deathcap (Zot:5)
  2 naga ritualists (Snake:5)
  3 sea snakes (Snake:4)
  4 deep elf conjurers
  A spectral human (Vaults:5)
  A harpy (Vaults:3)
  3 hill giants
  5 ironbrand convokers
  A very ugly thing zombie (Zot:1)
  A shadow dragon skeleton (Depths:3)
  4 mana vipers
  2 wolf spiders
  4 draconian zombies
  A human zombie (Vaults:5)
  2 griffons
  3 cyclopes
  A shining eye (shapeshifter) (Vaults:5)
  12 salamanders
  A red wasp (Swamp:4)
  2 orc sorcerers
  A red wasp (shapeshifter) (Depths:3)
  6 moths of wrath
  2 shining eyes (Depths:3)
  11 elephants
  5 phantasmal warriors
  A fire giant skeleton (Vaults:5)
  3 guardian serpents (Snake:5)
  A human skeleton (Vaults:5)
  A smoke demon (Vaults:5)
  Maurice (D:12)
  An elf zombie (Vaults:5)
  7 vault sentinels
  2 molten gargoyles
  8 naga magi
  6 spiny frogs
  A gargoyle (D:12)
  A guardian serpent (shapeshifter) (Vaults:2)
  8 black mambas
  A black draconian zombie (Depths:5)
  A yellow draconian zombie (Zot:1)
  32 yaktaurs
  2 blue devils (Orc:4)
  A tengu conjurer (D:12)
  A demonic crawler (Depths:5)
  A hellwing (Orc:4)
  A fire drake (Lair:8)
  A freezing wraith (Vaults:4)
  7 komodo dragons
  A red devil (Vaults:5)
  2 giant leeches
  8 two-headed ogres
  5 deep elf priests
  A tengu simulacrum (Depths:4)
  A wandering mushroom (Abyss:1)
  Sonja (D:13)
  3 polar bears
  A troll (D:12)
  3 orc warriors
  3 bog bodies
  A moth of wrath zombie (Zot:1)
  8 slime creatures
  7 grizzly bears
  5 ravens
  A blink frog (shapeshifter) (Depths:1)
  4 boulder beetles
  3 basilisks
  A baby alligator (Swamp:3)
  A kobold demonologist (D:12)
  11 redbacks
  A tarantella (shapeshifter) (Depths:5)
  A trapdoor spider (shapeshifter) (Elf:2)
  22 blink frogs
  A spriggan (Swamp:4)
  21 yaks
  A basilisk (shapeshifter) (Vaults:2)
  A trapdoor spider (D:13)
  4 deep elf magi
  11 ugly things
  An elephant slug (Lair:6)
  2 fire elementals (Depths:4)
  9 deep elf fighters
  A mottled dragon (D:13)
  A hippogriff (Lair:8)
  13 wolves
  16 vampire mosquitoes
  7 water moccasins
  2 wargs
  23 nagas
  6 swamp worms
  A soldier ant (shapeshifter) (Vaults:3)
  3 hell hounds (Lair:8)
  2 swamp drakes (Swamp:2)
  2 porcupines (Lair:5)
  A soldier ant (D:13)
  4 orc zombies
  16 ogres
  An ice beast (Vaults:3)
  A phantom (D:14)
  2 black bears (Lair:8)
  2 sky beasts
  A centaur (Depths:3)
  A crocodile (shapeshifter) (Depths:4)
  A giant goldfish (Lair:3)
  4 crocodiles
  3 giant slugs
  A yaktaur zombie (Vaults:4)
  Blork the orc (D:7)
  7 giant frogs
  2 electric eels (Lair:3)
  2 crimson imps
  9 killer bees
  3 hounds (Lair:8)
  A goliath beetle (D:12)
  A quasit (D:13)
  6 orc priests
  3 big fish
  A worker ant (D:12)
  6 orc wizards
  3 orange rats
  An ogre zombie (Vaults:2)
  A sheep (D:13)
  3 adders
  10 green rats
  A worm (Swamp:3)
  2 giant eyeballs
  30 orcs
  A ball python (Snake:5)
  5 bats
  3 hobgoblins (Orc:2)
  5 jackals
  7 quokkas
  A lurking horror (Abyss:1)
  2 rats
  3 crawling corpses (Vaults:5)
  7 fungi
  11 plants
888 creatures vanquished.

Vanquished Creatures (others)
  Saint Roka (Zot:5)
  2 Orb Guardians (Zot:5)
  9 orc warlords
  A greater naga (Snake:5)
  A draconian scorcher (Zot:5)
  A rakshasa (Depths:2)
  A white draconian (Zot:1)
  A pale draconian (Zot:1)
  A purple draconian (Zot:1)
  An ice dragon (Zot:5)
  A deep elf conjurer (Depths:2)
  An ogre mage (Vaults:4)
  4 orc high priests
  A titan zombie (Vaults:5)
  2 very ugly things (Zot:1)
  26 orc knights
  A skeletal warrior (D:13)
  A sun demon (Depths:1)
  2 deep elf knights
  A swamp dragon (Swamp:5)
  An ice devil (Depths:5)
  An ironbrand convoker (Vaults:1)
  8 orc sorcerers
  A frost giant zombie (Vaults:5)
  A salamander (Snake:5)
  6 elf zombies
  A guardian serpent (Snake:5)
  2 sixfirhies
  An orange demon (Snake:5)
  A smoke demon (Abyss:1)
  A yaktaur (Vaults:4)
  3 redback zombies (Vaults:4)
  2 hellwings
  A harpy zombie (Vaults:3)
  3 blue devils
  A jumping spider (Depths:5)
  A red devil (Vaults:5)
  2 two-headed ogres (Vaults:4)
  A human (Snake:4)
  3 chaos spawn
  An ugly thing zombie (Vaults:4)
  A hog (shapeshifter) (Depths:1)
  A ynoxinul (Zot:2)
  An ugly thing (Swamp:5)
  A warg (Vaults:1)
  20 orc warriors
  2 ogres (Vaults:4)
  A small abomination (Abyss:1)
  A spectral elf (Vaults:2)
  A vampire mosquito zombie (Vaults:2)
  5 human zombies
  4 yaktaur zombies
  2 quasits
  A crimson imp (Vaults:2)
  A two-headed ogre skeleton (Vaults:4)
  25 orc priests
  A two-headed ogre zombie (Vaults:5)
  An orange rat (Depths:5)
  23 orc wizards
  An ogre zombie (Vaults:4)
  A human simulacrum (D:14)
  2 ogre skeletons
  A mummy (Ossuary)
  2 shadow imps
  10 ufetubi
  69 orcs
  A goblin (D:7)
  A kobold (D:4)
  A lurking horror (Abyss:1)
  4 orc zombies
  8 fungi
  16 plants
  10 starspawn tentacles (Abyss:1)
  39 starspawn tentacle segments (Abyss:1)
359 creatures vanquished.

Grand Total: 3304 creatures vanquished

Notes
Turn   | Place    | Note
--------------------------------------------------------------
     0 | D:1      | KaKa, the Hill Orc Fighter, began the quest for the Orb.
     0 | D:1      | Reached XP level 1. HP: 19/19 MP: 1/1
   383 | D:1      | Reached XP level 2. HP: 24/26 MP: 2/2
   465 | D:1      | Reached skill level 4 in Axes
   948 | D:2      | Found a white marble altar of Elyvilon.
  1062 | D:2      | Found a deep blue altar of Sif Muna.
  1101 | D:2      | Reached XP level 3. HP: 29/31 MP: 3/3
  1247 | D:2      | Reached skill level 5 in Axes
  1277 | D:3      | Noticed Terence
  1294 | D:3      | Killed Terence
  1381 | D:3      | Paralysed by a potion of paralysis for 4 turns
  1520 | D:3      | Reached XP level 4. HP: 39/39 MP: 4/4
  1675 | D:3      | Reached skill level 6 in Axes
  1841 | D:3      | Noticed Sigmund
  1849 | D:3      | Killed Sigmund
  1849 | D:3      | Reached skill level 7 in Axes
  1849 | D:3      | Reached XP level 5. HP: 36/45 MP: 5/5
  2220 | D:4      | Became a worshipper of Beogh the Brigand
  2363 | D:4      | Noticed an ice beast
  2419 | D:4      | Killed an ice beast
  2419 | D:4      | Reached skill level 8 in Axes
  2419 | D:4      | Reached XP level 6. HP: 39/51 MP: 6/6
  2486 | D:4      | Found a snail-covered altar of Cheibriados.
  2486 | D:4      | Found a glowing silver altar of Zin.
  2753 | D:4      | Reached skill level 9 in Axes
  2761 | D:4      | Got a steaming pewter amulet
  2774 | D:4      | Identified the amulet "Roahay" {rMut rN+} (You found it on level 4 of the Dungeon)
  2823 | D:4      | Noticed Natasha
  2832 | D:4      | Killed Natasha
  2886 | D:4      | Noticed Natasha
  2889 | D:4      | Killed Natasha
  2974 | D:4      | Noticed Natasha
  2988 | D:4      | Killed Natasha
  3121 | D:4      | Reached XP level 7. HP: 57/57 MP: 7/7
  3259 | D:5      | Entered Level 5 of the Dungeon
  3310 | D:5      | Found a blossoming altar of Fedhas.
  3363 | D:5      | Found a shadowy altar of Dithmenos.
  3474 | D:5      | Acquired Beogh's first power
  3771 | D:5      | Got a steaming short sword
  3884 | D:5      | Identified the cursed -1,+10 short sword of Zyept {flame, Dex+4 Stlth--} (You found it on level 5 of the Dungeon)
  3892 | D:5      | Reached skill level 10 in Axes
  4133 | D:6      | Noticed Crazy Yiuf
  4157 | D:6      | Killed Crazy Yiuf
  4330 | D:6      | Found a shattered altar of Ashenzari.
  4379 | D:6      | Reached skill level 11 in Axes
  4491 | D:6      | Reached XP level 8. HP: 40/64 MP: 8/8
  4634 | D:6      | Acquired Beogh's second power
  4669 | D:6      | Reached skill level 12 in Axes
  4885 | D:6      | Reached skill level 1 in Invocations
  5065 | D:6      | Found a staircase to the Ecumenical Temple.
  5073 | Temple   | Entered the Ecumenical Temple
  5084 | Temple   | Learned a level 2 spell: Repel Missiles
  5090 | Temple   | Learned a level 4 spell: Condensation Shield
  5100 | Temple   | Gained mutation: You are covered in fur (AC +1). [potion of beneficial mutation]
  5387 | D:6      | Reached skill level 13 in Axes
  5790 | D:7      | Reached XP level 9. HP: 50/70 MP: 13/15
  5953 | D:7      | Noticed Eustachio
  6012 | D:7      | Killed Eustachio
  6135 | D:7      | Reached skill level 14 in Axes
  6135 | D:7      | Reached skill level 5 in Invocations
  6138 | D:7      | Found a bloodstained altar of Trog.
  6139 | D:7      | Found a shimmering altar of Xom.
  6723 | D:7      | Noticed Blork the orc
  7051 | D:6      | Acquired Beogh's third power
  7514 | D:8      | Found a sand-covered staircase.
  7522 | Ossuary  | Entered an ossuary
  7604 | Ossuary  | Acquired Beogh's fourth power
  7624 | Ossuary  | Reached skill level 15 in Axes
  7998 | D:8      | Lost mutation: You are covered in fur (AC +1). [potion of cure mutation]
  8262 | D:8      | Reached skill level 1 in Ice Magic
  8262 | D:8      | Reached XP level 10. HP: 53/77 MP: 20/20
  8586 | D:8      | Reached skill level 16 in Axes
  9353 | D:9      | Found a staircase to the Lair.
  9616 | D:9      | Reached skill level 5 in Fighting
  9618 | D:9      | Found a glowing golden altar of the Shining One.
 10047 | Lair:1   | Entered Level 1 of the Lair of Beasts
 10112 | D:10     | Entered Level 10 of the Dungeon
 10121 | D:10     | Noticed a catoblepas
 10126 | D:10     | Noticed a hill giant
 10148 | D:10     | Reached skill level 5 in Armour
 10148 | D:10     | Reached skill level 1 in Spellcasting
 10193 | D:10     | Noticed Harold
 10199 | D:10     | Noticed Grum
 10232 | D:10     | Killed Harold
 10232 | D:10     | Reached XP level 11. HP: 25/89 MP: 21/21
 10929 | D:10     | Found Laoca's Book Shoppe.
 11395 | D:10     | Reached skill level 5 in Ice Magic
 11709 | D:10     | Noticed a hill giant
 11757 | D:10     | Killed a hill giant
 11762 | D:10     | Killed Grum
 11949 | D:11     | Noticed a six-headed hydra
 12529 | Lair:1   | Noticed Nergalle
 12817 | D:11     | Noticed a hill giant
 12835 | D:11     | Killed a hill giant
 12891 | D:11     | Killed an unseen horror
 13031 | D:11     | Killed an unseen horror
 13682 | D:12     | Noticed Josephine
 13700 | D:11     | Killed Josephine
 13700 | D:11     | Reached skill level 17 in Axes
 13700 | D:11     | Reached XP level 12. HP: 83/103 MP: 22/22
 15061 | D:12     | Noticed Maurice
 15072 | D:12     | Killed Maurice
 15214 | D:12     | Noticed a hill giant
 15219 | D:12     | Killed a hill giant
 15272 | D:12     | Noticed a hill giant
 15278 | D:12     | Killed a hill giant
 15296 | D:12     | Reached skill level 18 in Axes
 15296 | D:12     | Gained Nordag as an ally
 15392 | D:12     | Found a staircase to the Orcish Mines.
 15573 | D:13     | Noticed Sonja
 15585 | D:13     | Found a labyrinth entrance.
 15593 | D:13     | Killed Sonja
 15783 | Lab      | Entered a labyrinth
 16530 | Lab      | Reached XP level 13. HP: 86/113 MP: 24/24
 16546 | Lab      | Reached skill level 10 in Fighting
 16869 | Lab      | Noticed a minotaur
 16888 | Lab      | Killed a minotaur
 16911 | Lab      | Got an ancient leather armour
 17181 | D:13     | Your ally Nordag died
 17936 | D:13     | Gained Bogdan as an ally
 18015 | D:13     | Noticed Erolcha
 18027 | D:13     | Killed Erolcha
 18274 | Orc:1    | Entered Level 1 of the Orcish Mines
 18476 | D:11     | Reached skill level 19 in Axes
 18839 | Lair:1   | Killed Nergalle
 19169 | Lair:1   | Reached skill level 10 in Armour
 19499 | Lair:2   | Gained Warrok as an ally
 19910 | Lair:2   | Acquired Beogh's fifth power
 20245 | Lair:3   | Gained Warbeogh as an ally
 20487 | Lair:3   | Found a dark tunnel.
 20515 | Volcano  | Entered a volcano
 22006 | D:7      | Killed Blork the orc
 22241 | Lair:4   | Found a staircase to the Snake Pit.
 22452 | Lair:4   | Reached XP level 14. HP: 43/124 MP: 25/25
 22806 | Lair:4   | Identified a -2 rod of striking (10/10) (You found it in a labyrinth)
 23982 | Lair:5   | Reached skill level 20 in Axes
 25183 | Lair:6   | Found a frozen archway.
 25217 | IceCv    | Entered an ice cave
 25533 | IceCv    | Gained mutation: You are somewhat resistant to further mutation. [potion of beneficial mutation]
 25940 | IceCv    | Gained Orbeogh as an ally
 25994 | IceCv    | Noticed a frost giant
 26014 | IceCv    | Killed a frost giant
 27411 | Lair:6   | Found a staircase to the Swamp.
 27684 | Lair:7   | Reached skill level 10 in Invocations
 28188 | Lair:7   | Found a viscous altar of Jiyva.
 28188 | Lair:7   | Found a staircase to the Slime Pits.
 28631 | Lair:8   | Entered Level 8 of the Lair of Beasts
 28736 | Lair:8   | Reached skill level 5 in Shields
 28738 | Lair:8   | Reached XP level 15. HP: 134/134 MP: 29/29
 29847 | Swamp:1  | Entered Level 1 of the Swamp
 30003 | Swamp:1  | Got a pair of encrusted boots
 30004 | Swamp:1  | Identified the +5 pair of boots of the Morning {rElec Dex+3 Int-1} (You found it on level 1 of the Swamp)
 30267 | Swamp:1  | Noticed Nessos
 30276 | Swamp:1  | Killed Nessos
 31138 | Swamp:2  | Your ally Warrok died
 31471 | Swamp:2  | Noticed a thorn hunter
 31484 | Swamp:2  | Killed a thorn hunter
 31499 | Swamp:2  | Reached skill level 10 in Shields
 32333 | Swamp:3  | Upgraded the game from 0.14-a0-3424-g5348755 to 0.14-a0-3445-g2afddda
 32827 | Swamp:3  | Noticed a thorn hunter
 32833 | Swamp:3  | Killed a thorn hunter
 32833 | Swamp:3  | Reached XP level 16. HP: 140/143 MP: 29/29
 33071 | Swamp:4  | Your ally Bogdan died
 33873 | Swamp:5  | Entered Level 5 of the Swamp
 34218 | Swamp:5  | Noticed Nikola
 34239 | Swamp:5  | Killed Nikola
 34564 | Swamp:5  | Your ally Orbeogh died
 34902 | Swamp:5  | Noticed the 27-headed Lernaean hydra
 35692 | D:10     | Killed a catoblepas
 35994 | D:11     | Killed a two-headed hydra
 36153 | D:14     | Found a gate to the Vaults.
 36154 | D:14     | Paralysed by a giant eyeball for 2 turns
 36163 | D:14     | Gained Bogmar as an ally
 36248 | D:14     | Reached XP level 17. HP: 150/150 MP: 30/30
 36843 | D:14     | Reached skill level 15 in Armour
 37018 | D:14     | Your ally Warbeogh died
 37259 | D:15     | Entered Level 15 of the Dungeon
 37282 | D:15     | Gained Herok as an ally
 37356 | D:15     | Found a shadowy altar of Dithmenos.
 37569 | D:15     | Noticed Frances
 37581 | D:15     | Killed Frances
 37887 | D:15     | Gained Orkrul as an ally
 37934 | D:15     | Found a staircase to the Depths.
 38416 | D:15     | Noticed Snorg
 38426 | D:15     | Killed Snorg
 38863 | Snake:1  | Entered Level 1 of the Snake Pit
 40253 | Snake:2  | Noticed Donald
 40262 | Snake:2  | Killed Donald
 40262 | Snake:2  | Reached skill level 15 in Shields
 40683 | Snake:2  | Noticed Rupert
 40704 | Snake:2  | Killed Rupert
 42603 | Snake:3  | Got an iridescent sling
 42702 | Snake:4  | Reached skill level 21 in Axes
 43105 | Snake:4  | Reached XP level 18. HP: 148/160 MP: 31/31
 43148 | Snake:4  | Noticed Kirke
 43180 | Snake:4  | Killed Kirke
 44450 | Snake:4  | Gained Borgun as an ally
 44636 | Snake:4  | Reached skill level 15 in Fighting
 45235 | Depths:1 | Entered Level 1 of the Depths
 45326 | Depths:1 | Gained Jorge as an ally
 45560 | Depths:1 | Paralysed by a giant eyeball for 2 turns
 45573 | Depths:1 | Identified Khefah's Disquisition on Spatial Creation
 45600 | Depths:1 | Your ally Borgun died
 45782 | Depths:1 | Reached skill level 22 in Axes
 45985 | Depths:1 | Found a gateway to Hell.
 46072 | Depths:1 | Your ally Jorge died
 46179 | Depths:1 | Found a corrupted altar of Lugonu.
 46182 | Depths:1 | Found a one-way gate to the infinite horrors of the Abyss.
 46797 | Orc:1    | Found an iron altar of Okawaru.
 47225 | Orc:2    | Noticed Psyche
 47229 | Orc:2    | Killed Psyche
 47531 | Orc:3    | Found Khofoaz's Food Boutique.
 47534 | Orc:3    | Found Shafam Vauxi's Book Emporium.
 47825 | Orc:3    | Found Ysaduc's Antique Weapon Emporium.
 47880 | Orc:3    | Found a bloodstained altar of Trog.
 47993 | Orc:4    | Entered Level 4 of the Orcish Mines
 48011 | Orc:4    | Gained Syrus as an ally
 48016 | Orc:4    | Found Cloas' Antique Armour Boutique.
 48059 | Orc:4    | Found a staircase to the Elven Halls.
 48102 | Orc:4    | Found a roughly hewn altar of Beogh.
 48343 | Orc:4    | Found Gheot's Jewellery Emporium.
 48346 | Orc:4    | Found Funuih's Book Shop.
 48347 | Orc:4    | Paralysed by an orc sorcerer for 4 turns
 48580 | Orc:4    | Found Thrayd Rirgh's Book Shop.
 48582 | Orc:4    | Found Aral's Book Emporium.
 48591 | Orc:4    | Gained Boldo as an ally
 48596 | Orc:4    | Gained Orik as an ally
 48794 | Orc:4    | Noticed Saint Roka
 49215 | Elf:1    | Entered Level 1 of the Elven Halls
 49235 | Elf:1    | Found a radiant altar of Vehumet.
 49330 | Elf:1    | Reached XP level 19. HP: 157/172 MP: 32/32
 49399 | Elf:1    | Gained Brandogh as an ally
 49597 | Elf:1    | Gained Berold as an ally
 50889 | Elf:2    | Noticed Louise
 50889 | Elf:2    | Cast into the Abyss (Louise)
 50889 | Abyss:1  | Found a corrupted altar of Lugonu.
 51501 | Elf:2    | Escaped the Abyss
 51517 | Elf:2    | Killed Louise
 51818 | Elf:2    | Found Xeofargh's Distillery.
 51835 | Elf:2    | Bought a potion of heal wounds for 45 gold pieces
 51835 | Elf:2    | Bought a potion of heal wounds for 45 gold pieces
 52917 | Swamp:5  | Killed the 25-headed Lernaean hydra
 52925 | Swamp:5  | Reached skill level 23 in Axes
 52998 | Swamp:5  | Got a decaying rune of Zot
 53466 | Vaults:1 | Entered Level 1 of the Vaults
 54204 | Vaults:1 | Found a portal to a secret trove of treasure.
 54598 | Vaults:1 | Found Oxarein's General Store.
 54636 | Vaults:1 | Gained Warbeogh as an ally
 54877 | Vaults:1 | Gained Gorg as an ally
 54904 | Vaults:1 | Gained Bogbarth as an ally
 55195 | Vaults:1 | Reached XP level 20. HP: 155/184 MP: 32/32
 56115 | Vaults:2 | Gained Brandogh as an ally
 56356 | Vaults:2 | Noticed Aizul
 56370 | Vaults:2 | Killed Aizul
 56653 | Vaults:2 | Reached skill level 24 in Axes
 57292 | Vaults:3 | Noticed Margery
 57299 | Vaults:3 | Gained Worak as an ally
 57302 | Vaults:3 | Killed Margery
 57309 | Vaults:3 | Gained Bogric as an ally
 57309 | Vaults:3 | Your ally Brandogh died
 57457 | Vaults:3 | Found a staircase to the Hall of Blades.
 57487 | Blade    | Entered the Hall of Blades
 58473 | Vaults:3 | Found a staircase to the Crypt.
 58473 | Vaults:3 | Found a basalt altar of Yredelemnul.
 58474 | Vaults:3 | Found an ancient bone altar of Kikubaaqudgha.
 58530 | Vaults:3 | Gained Garbold as an ally
 58839 | Vaults:3 | Reached XP level 21. HP: 140/195 MP: 33/33
 59031 | Vaults:3 | Gained Jorge as an ally
 59283 | Vaults:4 | Found a flickering gateway to a bazaar.
 59346 | Bazaar   | Entered a bazaar
 59346 | Bazaar   | Found Gut Schua's Gadget Boutique.
 59346 | Bazaar   | Found Ynnoamn's Assorted Antiques.
 59346 | Bazaar   | Found Wafaur's Jewellery Boutique.
 59346 | Bazaar   | Found Sadeusa's Antique Weapon Shop.
 59346 | Bazaar   | Found Bragho's Gadget Boutique.
 59372 | Bazaar   | Bought an uncursed amulet of clarity for 340 gold pieces
 59372 | Bazaar   | Bought an uncursed amulet of resist corrosion for 340 gold pieces
 59749 | Vaults:4 | Gained Okrist as an ally
 60022 | Vaults:4 | Gained Wargrak as an ally
 60211 | Vaults:4 | Your ally Okrist died
 60500 | Vaults:4 | Gained Hilgar as an ally
 60557 | Vaults:4 | Reached skill level 25 in Axes
 60665 | Vaults:4 | Gained Warrok as an ally
 61238 | Vaults:5 | Entered Level 5 of the Vaults
 61245 | Vaults:5 | Your ally Jorge died
 61247 | Vaults:5 | Your ally Gorg died
 61248 | Vaults:5 | Your ally Hilgar died
 61251 | Vaults:5 | Your ally Orkrul died
 61252 | Vaults:5 | Your ally Garbold died
 61258 | Vaults:5 | Your ally Bogric died
 61260 | Vaults:5 | Your ally Bogmar died
 61531 | Vaults:5 | Noticed a golden dragon
 61540 | Vaults:5 | Killed a golden dragon
 61550 | Vaults:5 | Your ally Worak died
 61552 | Vaults:5 | Your ally Berold died
 61554 | Vaults:5 | Your ally Herok died
 61555 | Vaults:5 | Your ally Bogbarth died
 61556 | Vaults:5 | Your ally Brandogh died
 61559 | Vaults:5 | Your ally Warbeogh died
 61559 | Vaults:5 | Gained Dorog as an ally
 61566 | Vaults:5 | Cast into the Abyss (deep elf demonologist)
 61796 | Abyss:1  | Got an ichor-stained mace
 62378 | Abyss:1  | Reached XP level 22. HP: 101/209 MP: 33/33
 62804 | Abyss:1  | Identified the +9,+9 mace of Zuumab {pain, rF+ MR+ Int+2} (You found it on level 1 of the Abyss)
 63447 | Abyss:1  | Gained Herok as an ally
 63567 | Abyss:1  | Reached skill level 26 in Axes
 63587 | Abyss:1  | Your ally Herok died
 63596 | Abyss:1  | Gained Gorg as an ally
 63808 | Vaults:5 | Escaped the Abyss
 63808 | Vaults:5 | Your ally Dorog died
 63917 | Vaults:4 | Your ally Wargrak died
 64239 | Vaults:5 | Gained Boghold as an ally
 64641 | Vaults:5 | Your ally Warrok died
 64642 | Vaults:5 | Your ally Syrus died
 64761 | Vaults:5 | Gained Gorbash as an ally
 64774 | Vaults:5 | Gained Arkwar as an ally
 65202 | Vaults:5 | Reached XP level 23. HP: 147/220 MP: 34/34
 65274 | Vaults:5 | Got a silk robe
 65298 | Vaults:5 | Got a silver rune of Zot
 65392 | Vaults:5 | Your ally Boldo died
 65397 | Vaults:5 | Killed a golden dragon
 65433 | Vaults:5 | Identified the +2 robe "Ufraim" {Str+3 Int+3} (You found it on level 5 of the Vaults)
 65568 | Vaults:5 | Got a glittering iron ring
 65569 | Vaults:5 | Identified the ring "Radira" {+Blink rPois rF- SInv} (You took it off an ironheart preserver on level 5 of the Vaults)
 65616 | Vaults:5 | Got a transparent broad axe
 65617 | Vaults:5 | Identified the +12,+4 broad axe of Psoatuk {chop, rC++ Str+3 Int+4} (You found it on level 5 of the Vaults)
 66521 | Depths:2 | Gained Gorm as an ally
 66585 | Depths:2 | Your ally Gorm died
 66639 | Depths:2 | Found Ufeamer's Gadget Emporium.
 66867 | Depths:2 | Found a one-way gate leading to the halls of Pandemonium.
 67027 | Depths:2 | Gained Bladwarg as an ally
 67187 | Depths:2 | Reached skill level 27 in Axes
 67732 | Lair:3   | Identified a scroll of acquirement
 67735 | Lair:3   | Got a brightly glowing war axe
 67736 | Lair:3   | Identified the +2,+8 war axe of Trial by Ordeal {chop, rPois rC+ Dex+2} (You acquired it on level 3 of the Lair of Beasts)
 68062 | Snake:5  | Entered Level 5 of the Snake Pit
 68450 | Snake:5  | Noticed Yllodra's ghost (mighty GrEE)
 68460 | Snake:5  | Killed Yllodra's ghost
 69154 | Snake:5  | Got a serpentine rune of Zot
 70069 | Depths:2 | Got an ichor-stained battleaxe
 70070 | Depths:2 | Identified the +6,+9 battleaxe of Attainder {venom, rF++ Stlth} (You found it on level 2 of the Depths)
 70088 | Depths:2 | Got a fine ivory ring
 70092 | Depths:2 | Identified the ring "Ghuel" {Wiz Stlth} (You found it on level 2 of the Depths)
 70464 | Depths:2 | Gained mutation: Armour fits poorly on your strangely shaped body. [mutagenic glow]
 70489 | Depths:2 | Identified the Incunabulum of the Ghastly Snowflakes
 70641 | Depths:3 | Reached XP level 24. HP: 218/233 MP: 34/34
 70818 | Depths:3 | Got a smoking morningstar
 70819 | Depths:3 | Identified the +9,+7 morningstar "Orc's Bane" {flame, rPois Stlth++} (You found it on level 3 of the Depths)
 70853 | Depths:3 | Found a gateway to a ziggurat.
 70856 | Depths:3 | Paralysed by a giant eyeball for 2 turns
 70868 | Depths:3 | Paralysed by a giant eyeball for 4 turns
 71948 | Depths:4 | Found Imoi's Weapon Emporium.
 72853 | Depths:5 | Entered Level 5 of the Depths
 72895 | Depths:5 | Paralysed by a giant eyeball for 4 turns
 73100 | Depths:5 | Your ally Orik died
 73302 | Depths:5 | Found a gate to the Realm of Zot.
 73340 | Depths:5 | Noticed cedor's ghost (great TrAM)
 73354 | Depths:5 | Killed cedor's ghost
 73606 | Depths:5 | Noticed Frederick
 73607 | Depths:5 | Found Doufriph's Book Shop.
 73617 | Depths:5 | Killed Frederick
 73631 | Depths:5 | Found Ecris' Armour Shoppe.
 73632 | Depths:5 | Paralysed by a giant eyeball for 4 turns
 73647 | Depths:5 | Ecris' Armour Shoppe was a mimic.
 73856 | Depths:5 | Found Tyllaoci's Jewellery Shoppe.
 73868 | Depths:5 | Bought a +4,+2 ring of slaying for 720 gold pieces
 74230 | Zot:1    | Entered Level 1 of the Realm of Zot
 74307 | Zot:1    | Reached XP level 25. HP: 189/245 MP: 37/37
 74770 | Zot:1    | Your ally Bladwarg died
 74801 | Zot:1    | Your ally Arkwar died
 75321 | Zot:1    | Reached skill level 15 in Invocations
 75767 | Zot:2    | Your ally Gorg died
 76113 | Zot:2    | Gained Argrim as an ally
 76372 | Zot:5    | Entered Level 5 of the Realm of Zot
 76450 | Zot:4    | Your ally Argrim died
 77241 | Zot:5    | Noticed an ancient lich
 77245 | Zot:5    | Killed an ancient lich
 77245 | Zot:5    | Reached XP level 26. HP: 204/257 MP: 39/39
 77288 | Zot:5    | Your ally Boghold died
 77382 | Zot:5    | Noticed an orb of fire
 77383 | Zot:5    | Your ally Gorbash died
 77389 | Zot:5    | Noticed an orb of fire
 77391 | Zot:5    | Saint Roka (ally) was killed
 77391 | Zot:5    | Your ally died
 77396 | Zot:5    | Killed an orb of fire
 77412 | Zot:5    | Killed an orb of fire
 78024 | Zot:5    | Noticed an ancient lich
 78031 | Zot:5    | Killed an ancient lich
 78062 | Zot:5    | Noticed an orb of fire
 78071 | Zot:5    | Killed an orb of fire
 78225 | Zot:5    | Noticed an orb of fire
 78235 | Zot:5    | Killed an orb of fire
 78465 | Zot:5    | Noticed an ancient lich
 78489 | Zot:5    | Killed an ancient lich
 78593 | Zot:5    | Noticed an ancient lich
 78602 | Zot:5    | Killed an ancient lich
 78731 | Zot:5    | Noticed an orb of fire
 78758 | Zot:5    | Killed an orb of fire
 79308 | Zot:5    | Noticed an orb of fire
 79333 | Zot:5    | Killed an orb of fire
 79543 | Zot:5    | Got the Orb of Zot
 79788 | Depths:3 | Reached XP level 27. HP: 237/268 MP: 41/41
 79819 | Depths:3 | Noticed Shaubric the pandemonium lord
 79845 | Depths:2 | Killed Shaubric the pandemonium lord
 79946 | D:15     | Noticed Mnautaucs the pandemonium lord
 79955 | D:15     | Killed Mnautaucs the pandemonium lord
 80171 | D:5      | Noticed Psiytik the pandemonium lord
 80255 | D:$      | Escaped with the Orb!

Action                   |  1- 3 |  4- 6 |  7- 9 | 10-12 | 13-15 | 16-18 | 19-21 | 22-24 | 25-27 || total
-------------------------+-------+-------+-------+-------+-------+-------+-------+-------+-------++-------
Melee: War axe           |   132 |   200 |   745 |   596 |       |       |       |       |       ||  1673
       Short sword       |       |       |    12 |       |       |       |       |       |       ||    12
       Battleaxe         |       |       |       |   234 |   718 |       |       |       |       ||   952
       Broad axe         |       |       |       |       |   602 |  1607 |  1500 |  1543 |   706 ||  5958
 Fire: Blowgun           |       |       |       |    15 |     6 |       |       |       |       ||    21
Throw: Tomahawk          |     3 |    12 |    21 |     6 |     7 |       |       |       |       ||    49
       Dart              |     2 |       |       |       |       |       |       |       |       ||     2
       Javelin           |       |       |       |       |     1 |       |     2 |     4 |       ||     7
 Cast: Condensation Shie |       |       |       |       |     1 |       |       |       |       ||     1
Invok: Convert to Beogh  |       |     1 |       |       |       |       |       |       |       ||     1
       Smiting           |       |       |     2 |    31 |     8 |    12 |     7 |     7 |     8 ||    75
       Recall Orcish Fol |       |       |     1 |       |     7 |     8 |     3 |     6 |     4 ||    29
       Stop Recall       |       |       |       |       |     3 |     3 |     3 |     6 |     4 ||    19
Evoke: Wand              |       |       |       |     3 |     4 |     8 |     1 |     3 |     3 ||    22
  Use: Potion            |     4 |     1 |    15 |     7 |     5 |     7 |     6 |     1 |     8 ||    54
       Scroll            |     5 |     1 |    14 |    14 |    18 |    12 |     4 |    20 |     4 ||    92
 Stab: Invisible         |       |       |     7 |       |       |       |       |       |     1 ||     8
       Distracted        |       |       |       |     2 |    11 |    17 |    35 |    54 |    20 ||   139
       Confused          |       |       |       |     1 |       |       |       |     1 |       ||     2
       Petrifying        |       |       |       |       |       |       |       |     1 |       ||     1
       Petrified         |       |       |       |       |       |       |       |     1 |       ||     1
